 Dungeon Crawl Stone Soup version 0.29-a0-319-gad05b8d819 (webtiles) character file.

Game seed: 15807531519531186615

56 kae the Firebug (level 3, -4/20 HPs)
             Began as a Tengu Fire Elementalist on Apr 1, 2022.
             Slain by an orc
             ... wielding a +0 flail
              (10 damage)
             ... on level 2 of the Dungeon.
             The game lasted 00:00:52 (2490 turns).

kae the Firebug (Tengu Fire Elementalist)           Turns: 2490, Time: 00:00:52

Health: -4/20      AC:  2    Str:  8    XL:     3   Next: 97%
Magic:  1/7        EV: 12    Int: 17    God:
Gold:   84         SH:  0    Dex: 14    Spells: 0/6 levels left

rFire   . . .      SeeInvis .   (no weapon)
rCold   . . .      Faith    .   (no shield)
rNeg    . . .      Spirit   .   a - +0 robe
rPois   .          Reflect  .   (helmet restricted)
rElec   .          Harm     .   (no cloak)
rCorr   .          Rampage  .   (no gloves)
Will    .....                   (boots unavailable)
Stlth   ++........              (no amulet)
HPRegen 0.06/turn               (no ring)
MPRegen 0.10/turn               (no ring)

@: no status effects
A: beak, talons 3
a: no special abilities


You were on level 2 of the Dungeon.
You visited 1 branch of the dungeon, and saw 3 of its levels.

You collected 84 gold pieces.

Inventory:

Armour
 a - a +0 robe (worn)
Scrolls
 d - 4 scrolls of identify {unknown}
 f - a scroll of amnesia {unknown}
 g - a scroll of holy word {unknown}
 i - a scroll of brand weapon {unknown}
 j - a scroll of magic mapping {unknown}
 n - a scroll of enchant weapon {unknown}
 p - a scroll of teleportation {unknown}
Potions
 b - a potion of magic
 c - a potion of berserk rage {unknown}
 e - a potion of heal wounds {unknown}
 h - a potion of lignification {unknown}
 k - a potion of brilliance {unknown}
 l - a potion of attraction {unknown}
 m - 2 potions of curing {unknown}
 o - 2 potions of degeneration {unknown}


   Skills:
 + Level 1.1 Fighting
 + Level 1.2 Armour
 + Level 2.6 Dodging
 - Level 2.0 Stealth
 + Level 2.3 Spellcasting
 + Level 2.2 Conjurations
 + Level 3.7 Fire Magic


You couldn't memorise any spells.
You knew the following spells:

 Your Spells              Type           Power      Damage    Failure   Level
a - Foxfire               Conj/Fire      48%        2x1d6     5%          1
b - Scorch                Fire           28%        2d6       6%          2
c - Conjure Flame         Conj/Fire      12%        6-21      17%         3

Your spell library contained the following spells:

 Spells                   Type           Power      Damage    Failure   Level
 Inner Flame              Hex/Fire       8%         N/A       26%         3
 Confusing Touch          Hex            2%         N/A       50%         3
 Flame Wave               Conj/Fire      12%        2d6       50%         4
 Yara's Violent Unravell  Hex/Tmut       1%         3d3       99%         5
 Enfeeble                 Hex            1%         N/A       100%        7


Dungeon Overview and Level Annotations

Branches:
Dungeon (3/15)

Altars:


Innate Abilities, Weirdness & Mutations

You have a beak for a mouth.
You have claws for feet.


Message History

The jackal bites you but does no damage.
The kobold hits you but does no damage.
Casting: Scorch (safe; 6% risk of failure)
Confirm with . or Enter, or press ? or * to list all spells.
Flames lash the jackal.
The jackal is lightly wounded.
The jackal's fire resistance burns away.
The jackal barks!
The kobold hits you with a +0 club. The jackal barely misses you.
The kobold is no longer more vulnerable to fire.
The kobold hits you but does no damage. The jackal barely misses you.
Casting: Scorch (safe; 6% risk of failure)
Confirm with . or Enter, or press ? or * to list all spells.
Flames lash the jackal.
The jackal is almost dead.
The jackal's fire resistance burns away.
The jackal is no longer more vulnerable to fire.
The jackal completely misses you.
The orc priest looks satisfied for a moment.
The kobold barely misses you. The jackal barely misses you.
The orc priest begins to cast a cantrip, but forgets the words!
The kobold hits you with a +0 club. The jackal barely misses you.
You can't go up here!
You closely miss the kobold. You punch the kobold, but do no damage.
The kobold is severely wounded.
The jackal closely misses you. The kobold closely misses you.
You hit the kobold but do no damage. Your kick misses the kobold.
The kobold is heavily wounded.
The jackal is no longer more vulnerable to fire.
The jackal closely misses you. The kobold hits you but does no damage.
The orc hits you with a +0 flail!
* * * LOW HITPOINT WARNING * * *
The jackal closely misses you.
You are too injured to fight recklessly!
You are too injured to fight recklessly!
You can't go up here!
The kobold hits you but does no damage. The orc hits you with a +0 flail!
Ouch! That really hurt!
You die...

#.# ###.. .. ..
#.# #..# ...!
.# #.# #.# #..#
##...#.# #.#
#.# #...
##......# #.#
#.# #..#
##.......####.#
#.# #..#
...........†#.#
#.# #..#
#......o#
#..###.###..#
#....@K#
#.h.>........
##...#h#
#oo#.#####.##
##.# #ho.#.#.#
#.##
#....o....#.#
#.## #
##...####.#
#.## #. ## #.#
#.## # #.# #..#
#.# ##.# .#


You could see an orc priest, 2 orcs, 2 jackals and a kobold.

Vanquished Creatures
  2 dart slugs
  3 orcs
  2 endoplasms (D:2)
  A giant cockroach (D:1)
  6 goblins
  8 hobgoblins
  3 jackals
  2 quokkas (D:1)
  2 ball pythons (D:3)
  6 bats
  3 frilled lizards
  A kobold (D:1)
  5 rats
44 creatures vanquished.

Vanquished Creatures (collateral kills)
  A foxfire (D:2)
1 creature vanquished.

Vanquished Creatures (others)
  181 foxfires
  6 fungi (D:2)
187 creatures vanquished.

Grand Total: 232 creatures vanquished

Notes
Turn   | Place    | Note
-------+----------+-------------------------------------------
     0 | D:1      | kae the Tengu Fire Elementalist began the quest for the
                  | Orb.
     0 | D:1      | Reached XP level 1. HP: 10/10 MP: 4/4
   409 | D:1      | Reached XP level 2. HP: 15/15 MP: 0/6
  1015 | D:1      | Reached XP level 3. HP: 20/20 MP: 4/7
  1018 | D:1      | Learned a level 2 spell: Scorch
  1022 | D:1      | Learned a level 3 spell: Conjure Flame
  1619 | D:2      | Identified the +6 plate armour "Hamimodgh" {*Corrode +Inv
                  | Slay+3 SInv}
  1710 | D:2      | Reached skill level 1 in Fighting
  1710 | D:2      | Reached skill level 1 in Armour
  1913 | D:2      | Found a faded altar of an unknown god.
  2490 | D:2      | Slain by an orc

Illustrated notes

Levels and vault maps discovered:
D:1:      minmay_arrival_radiant_lines, layout_basic, minmay_tetromino_s2
D:2:      layout_loops_ring, hellmonk_ecumenical_altar_inner_sanctum,
          dreamdust_mushroom_princess, hangedman_glass_teeth
D:3:      layout_loops_ring, nzn_wu_jian_council_hall

Skill      XL: |  1  2  3 |
---------------+----------+-----
Fighting       | 1 |  1.1
Armour         | 1 |  1.2
Conjurations   | 2 |  2.2
Dodging        | |  2.6
Stealth        | |  2.0
Spellcasting   | |  2.3
Fire Magic     | |  3.7

Action                   || total
-------------------------++-------
Melee: Unarmed           ||    12
       Kick              ||     3
       Peck              ||     1
       Punch             ||     1
 Cast: Foxfire           ||   108
       Scorch            ||     3
Armor: Robe              ||    11
Dodge: Dodged            ||    35

Table legend: (Time is in decaauts)
 A = Elapsed time spent in this place.
 B = Non-inter-level travel time spent in this place.
 C = Inter-level travel time spent in this place.
 D = Time resting spent in this place.
 E = Time spent auto-exploring this place.
 F = Levels seen in this place.
 G = Mean time per level.
                   A        B        C        D        E       F      G
               +--------+--------+--------+--------+--------+-----+--------+
         Total |   2490 |   2450 |     40 |      0 |   2108 |   3 |  830.0 |
       Dungeon |   2490 |   2450 |     40 |      0 |   2108 |   3 |  830.0 |
               +--------+--------+--------+--------+--------+-----+--------+

Top non-repeatable levels by time:
     D:1: 1576 daAuts
     D:3: 481 daAuts
     D:2: 432 daAuts
